Map: Ruiny Serasu

Players

Gracz

  • Race: Terran Terran

SI 1 (Łatwa) - Winner!

  • Race: Terran Terran

VOD

Have the link to the VOD?

Description

Time

  • Played on: Feb. 8, 2016, 8:58 a.m.
  • Length: 25:18
Show
View Real Time Build Order
Export as new Build Order

Gracz Terran 

Build Orders:  

Get SALT Encoding   

  12  0:31  Supply Depot  
  12  1:02  Refinery  
  12  1:49  SCV  
  13  2:01  SCV  
  13  2:03  Refinery  
  14  2:14  SCV  
  15  2:26  SCV  
  16  2:38  SCV  
  16  2:43  Barracks  
  17  2:50  SCV  
  18  2:55  Engineering Bay  
  18  3:16  SCV  
  19  3:28  SCV  
  19  3:33  Terran Infantry Weapons Level 1  
  20  3:51  Factory  
  20  4:32  Supply Depot  
  20  5:18  Supply Depot  
  20  5:28  Terran Infantry Armor Level 1  
  20  5:31  Marine  
  21  5:46  Supply Depot  
  21  5:48  Marine  
  22  6:06  Marine  
  23  6:24  Reaper  
  24  6:56  Marine  
  25  7:10  SCV  
  25  7:14  Marine  
  27  7:22  SCV  
  28  7:32  Marine  
  29  7:54  Hellion  
  27  8:15  Hellion  
  27  8:17  Marine  
  27  8:35  Marine  
  27  8:36  Widow Mine  
  30  8:43  Command Center  
  27  8:52  Marine  
  24  9:55  Marine, Widow Mine  
  27  10:09  Supply Depot  
  27  10:13  Marine  
  28  10:24  Hellion  
  30  10:30  Marine  
  31  10:37  SCV  
  31  10:38  Supply Depot  
  32  10:45  Hellion  
  32  10:48  Marine  
  32  10:49  SCV  
  36  11:02  Supply Depot  
  36  11:59  Supply Depot  
  36  12:16  Bunker  
  36  12:25  SCV  
  37  12:32  Refinery  
  38  12:37  SCV  
  38  12:42  Supply Depot  
  38  13:02  Ghost Academy  
  38  13:19  Marine  
  37  13:24  Hellion  
  35  13:37  Marine  
  36  13:46  Hellion  
  38  13:55  Marine  
  39  14:06  Personal Cloaking  
  39  14:07  Hellion  
  41  14:13  Marine  
  39  14:29  Hellion  
  39  14:30  Marine  
  41  14:48  Marine  
  41  14:49  Supply Depot  
  41  14:50  Hellion  
  44  15:04  Starport  
  44  15:06  Marine  
  45  15:11  Hellion  
  47  15:14  Armory  
  47  15:43  Armory  
  47  15:53  Fusion Core  
  47  16:59  Refinery  
  47  17:03  Refinery  
  47  17:26  SCV  
  48  17:38  SCV  
  32  18:25  Marine  
  28  18:43  Marine  
  29  18:49  Barracks  
  29  19:01  Marine, Weapon Refit  
  29  19:02  Barracks  
  22  19:18  Marine  
  22  19:45  Command Center  
  21  21:05  Supply Depot  
  17  21:43  Command Center  
  17  21:58  Command Center  
  14  23:14  Refinery  
  14  23:20  Refinery  
  14  23:27  Supply Depot  
  10  23:50  Command Center  
  1  25:03  SCV  
Show
View Real Time Build Order
Export as new Build Order

SI 1 (Łatwa) Terran - Winner!

Build Orders:  

Get SALT Encoding   

  12  0:00  SCV  
  13  0:13  SCV  
  14  0:20  Supply Depot  
  14  0:25  SCV  
  15  0:42  SCV  
  16  0:44  Barracks  
  16  0:46  Refinery  
  16  1:10  Supply Depot  
  16  1:21  Refinery  
  16  1:30  Marine  
  17  1:33  Orbital Command  
  17  1:57  Barracks Tech Lab  
  17  2:15  Marine  
  18  2:17  Supply Depot  
  18  2:18  SCV  
  19  2:30  SCV  
  20  2:41  Marine  
  20  2:42  SCV  
  22  2:54  SCV  
  23  3:06  SCV  
  23  3:08  Marauder  
  26  3:18  SCV  
  27  3:34  Marine  
  28  4:01  Marauder  
  30  4:28  Marauder  
  32  7:09  Reaper  
  32  7:11  Supply Depot  
  33  7:17  Command Center  
  33  7:34  Factory  
  33  7:35  Supply Depot  
  33  7:41  Marine  
  34  7:59  Marine  
  30  8:16  Marine  
  30  8:19  Starport  
  31  8:29  SCV  
  31  8:33  SCV  
  33  8:34  Marine  
  33  8:41  SCV  
  35  8:42  Refinery  
  35  8:43  Refinery  
  35  8:45  SCV  
  35  8:52  Marine  
  35  8:53  SCV  
  37  8:57  Starport Tech Lab, SCV  
  38  9:05  SCV  
  38  9:09  SCV  
  40  9:10  Marine  
  40  9:16  Raven  
  41  9:17  SCV  
  41  9:21  SCV  
  43  9:28  Marauder  
  43  9:29  SCV  
  44  9:33  SCV  
  45  9:41  SCV  
  46  9:46  SCV  
  46  9:50  Marauder  
  49  9:53  SCV  
  49  9:58  SCV  
  49  9:59  Raven  
  53  10:05  SCV  
  54  10:10  Marine, SCV  
  56  10:18  SCV  
  57  10:22  SCV  
  58  10:29  Reaper  
  58  10:30  SCV  
  60  11:00  Marine  
  61  12:17  Medivac  
  61  12:18  Marauder  
  61  12:20  Supply Depot  
  61  12:21  Engineering Bay  
  65  12:27  Command Center  
  65  12:42  Marauder  
  65  12:43  Supply Depot  
  67  12:47  Medivac, Terran Infantry Weapons Level 1  
  69  12:55  Ghost Academy  
  69  13:03  Marauder  
  71  13:17  Raven  
  67  13:24  Reaper  
  64  13:38  SCV  
  65  13:43  SCV  
  65  13:47  SCV  
  67  13:51  Refinery, SCV  
  67  13:53  Refinery  
  68  13:56  Marine, SCV  
  68  14:00  SCV  
  71  14:04  SCV  
  72  14:14  Marine  
  69  14:32  Marine  
  70  14:41  Terran Infantry Armor Level 1  
  70  14:49  Marine  
  71  15:08  Marauder  
  73  15:29  Marine  
  74  15:46  Ghost  
  76  16:15  Marine  
  77  16:33  Marine  
  78  16:51  Marauder  
  80  16:59  Command Center  
  80  17:12  Marine  
  81  17:30  Reaper  
  81  17:36  Armory  
  82  17:38  Supply Depot  
  82  18:02  Marine  
  83  18:20  Marine  
  83  18:22  Refinery  
  83  18:23  Terran Ship Weapons Level 1  
  83  18:24  Terran Infantry Weapons Level 2  
  84  18:36  Refinery  
  84  18:37  Marine  
  85  18:55  Marine  
  85  18:59  Raven  
  85  19:13  Marine  
  86  19:31  Marine  
  87  19:49  Marine  
  88  20:06  Marine  
  89  20:18  Terran Vehicle Weapons Level 1  
  89  20:25  Marauder  
  91  20:39  Terran Infantry Armor Level 2  
  91  21:00  Factory Tech Lab  
  91  21:18  Siege Tank  
  94  21:50  Siege Tank  
  94  21:54  Command Center  
  97  22:12  Terran Vehicle And Ship Armor Level 1  
  97  22:23  Siege Tank  
  100  22:54  Thor  
  106  23:19  Refinery  
  106  23:20  Refinery  
  106  23:38  Cyclone  
  109  24:49  Widow Mine  
Tags
 
Add a new tag
Caveats
  • Supply blocks, unpowered buildings, or Contaminate may cause inaccurate times.
  • Supply counts are checked every 10 seconds.